 Dungeon Crawl Stone Soup version 0.17-a0-1840-g87820a2 (webtiles) character file.

3436 shakdrar the Grappler (level 9, -9/93 HPs)
             Began as a Troll Monk on Sept 16, 2015.
             Killed from afar by an electric eel (12 damage)
             ... with a bolt of electricity
             ... on level 8 of the Dungeon.
             The game lasted 00:28:29 (6195 turns).

shakdrar the Grappler (Troll Monk)                  Turns: 6195, Time: 00:28:29

Health: -9/93      AC:  7    Str: 21    XL:     9   Next: 77%
Magic:  8/8        EV: 10    Int:  6    God:
Gold:   384        SH:  0    Dex: 15    Spells: 0 memorised, 8 levels left

rFire  . . .     SeeInvis .       - Unarmed
rCold  . . .     Clarity  .     r - +0 robe {rN+}
rNeg   + . .     SustAt   +     (no shield)
rPois  .         Gourm    +     (helmet restricted)
rElec  .         Spirit   .     k - +1 cloak
rCorr  .         Warding  .     (gloves unavailable)
rMut   .         Stasis   .     (boots unavailable)
MR     .....                    (no amulet)
Stlth  +++.......               s - ring of sustain attributes
                                l - ring of stealth

@: very slightly contaminated, hasted, very quick, not resistant to hostile
enchantments, fairly stealthy
A: unfitting armour, claws 3, deterioration 1, fast metabolism 3, gourmand,
regeneration 2, shaggy fur 1, tough skin 2, wild magic 1
a: no special abilities


You were on level 8 of the Dungeon.
You were very full.

You visited 2 branches of the dungeon, and saw 9 of its levels.
You also visited: Ossuary.

You collected 384 gold pieces.

Inventory:

Missiles
 e - 23 poisoned needles
 n - 3 curare-tipped needles
Armour
 k - a +1 cloak (worn)
 r - a +0 robe of positive energy (worn)
Jewellery
 f - an uncursed amulet of stasis
 l - a ring of stealth (left claw)
 s - a ring of sustain attributes (right claw)
Magical devices
 i - a wand of polymorph (22)
 t - a wand of confusion (23)
Scrolls
 c - 4 scrolls of identify
 g - 4 scrolls of enchant weapon
 h - 5 scrolls of magic mapping
 j - 2 scrolls of fog
 p - a scroll of amnesia
 v - 4 scrolls of remove curse
 y - 2 scrolls of recharging
 z - 3 scrolls of enchant armour
Potions
 w - a potion of brilliance
 x - a potion of heal wounds
Books
 u - a book of Beasts

   Spells                             Type                      Level
   a - Summon Butterflies             Summoning                    1
   b - Call Canine Familiar           Summoning                    3
   c - Summon Ice Beast               Ice/Summoning                4
   d - Summon Mana Viper              Hexes/Summoning              5
   e - Summon Hydra                   Summoning                    7
Comestibles
 a - a chunk of flesh
 b - 5 bread rations
 m - 2 meat rations
 o - 2 fruits
 q - a slice of pizza
 B - a beef jerky


   Skills:
 - Level 7.0 Fighting
 - Level 2.4 Dodging
 - Level 1.1 Stealth
 + Level 12.0 Unarmed Combat


You had 8 spell levels left.
You didn't know any spells.

Dungeon Overview and Level Annotations

Branches:
Dungeon (8/15)             Temple (1/1) D:7
   Lair: D:8-11

Altars:
Cheibriados
Dithmenos
Elyvilon
Fedhas
Gozag
Kikubaaqudgha
Okawaru
Qazlal
Ru
Sif Muna
Trog
Vehumet
Xom
Yredelemnul
Zin
The Shining One


Innate Abilities, Weirdness & Mutations

You are too large for most types of armour.
You have claws for hands.
Your metabolism is lightning-fast.
You like to eat raw meat.
You heal very quickly.
You are covered in fur (AC +1).
You have very tough skin (AC +2).
Your body sometimes deteriorates upon taking damage.
Your spells are a little harder to cast, but a little more powerful.


Message History

* * * LOW HITPOINT WARNING * * *
The electric eel shoots out a bolt of lightning at you!
The bolt of electricity hits you!
* * * LOW HITPOINT WARNING * * *
You claw the electric eel! Your claw misses the electric eel.
The electric eel is almost dead.
The electric eel shoots out a bolt of lightning at you!
The bolt of electricity hits you!
* * * LOW HITPOINT WARNING * * *
Unknown command.
You barely miss the electric eel.
The electric eel is almost dead.
An electric eel comes into view.
You claw the electric eel!
You kill the electric eel!
The electric eel shoots out a bolt of lightning at you!
The bolt of electricity misses you.
The electric eel shoots out a bolt of lightning at you!
The bolt of electricity hits you!
You die...

####.# #...# #≈≈♣♣♣≈
≈♣ .....# #.###
#.≈≈≈;;;≈≈≈≈ ######
#.# #≈≈.. ....≈. #.#
#≈≈≈≈ ≈.≈≈≈ #.#
#≈≈♣♣♣≈≈≈♣ #.# #.≈♣
≈.≈♣
#.######.≈♣♣♣≈≈≈♣♣♣≈
#........≈≈≈≈≈≈≈≈≈≈≈
#######@≈≈≈.≈≈.≈≈.≈.
#.............
##############


You could see an electric eel.

Vanquished Creatures
  Eustachio (D:4)
  Duvessa (D:5)
  4 ogres
  3 phantoms
  2 centaurs
  Dowan (D:5)
  A giant frog (D:6)
  A water moccasin skeleton (D:6)
  A troll zombie (Ossuary)
  5 scorpions
  9 wights (D:7)
  5 killer bees (D:8)
  2 electric eels (D:8)
  4 crimson imps
  5 orc priests
  2 hounds
  3 centaur zombies (Ossuary)
  A jelly (D:6)
  2 centaur skeletons
  An iguana (D:4)
  4 orc wizards
  2 giant frog skeletons
  4 worker ants
  An ogre zombie (Ossuary)
  A big kobold zombie (Ossuary)
  A hound skeleton (D:4)
  7 mummies (Ossuary)
  A worker ant zombie (D:7)
  13 adders
  2 shadow imps
  3 oozes
  An adder skeleton (D:7)
  5 adder zombies (Ossuary)
  3 worms
  4 giant geckos
  26 orcs
  2 ball pythons
  6 giant cockroaches
  A gnoll zombie (Ossuary)
  7 hobgoblins
  5 jackals
  7 kobolds
  3 quokkas
  15 bats
  A giant gecko skeleton (D:4)
  3 giant newts
  12 goblins
  3 goblin zombies (Ossuary)
  3 hobgoblin zombies (Ossuary)
  6 kobold zombies (Ossuary)
  An orc zombie (Ossuary)
  A quokka skeleton (D:6)
  2 quokka zombies (Ossuary)
  7 rats
  3 rat zombies (Ossuary)
220 creatures vanquished.

Notes
Turn   | Place    | Note
--------------------------------------------------------------
     0 | D:1      | shakdrar the Troll Monk began the quest for the Orb.
     0 | D:1      | Reached XP level 1. HP: 22/22 MP: 0/0
   169 | D:1      | Reached XP level 2. HP: 27/29 MP: 1/1
   507 | D:1      | Reached skill level 5 in Unarmed Combat
   605 | D:1      | Reached XP level 3. HP: 36/36 MP: 2/2
  1022 | D:2      | Found a sacrificial altar of Ru.
  1022 | D:2      | Found a blossoming altar of Fedhas.
  1237 | D:2      | Reached XP level 4. HP: 39/44 MP: 3/3
  1701 | D:3      | Reached skill level 6 in Unarmed Combat
  1758 | D:3      | Gained mutation: Your body sometimes deteriorates upon taking damage. [potion of mutation]
  1758 | D:3      | Gained mutation: Your spells are a little harder to cast, but a little more powerful. [potion of mutation]
  2137 | D:4      | Found an opulent altar of Gozag.
  2140 | D:4      | Reached XP level 5. HP: 50/50 MP: 4/4
  2165 | D:4      | Noticed an ogre
  2165 | D:4      | Noticed a phantom
  2187 | D:4      | Killed an ogre
  2187 | D:4      | Reached skill level 7 in Unarmed Combat
  2201 | D:4      | Killed a phantom
  2201 | D:4      | Reached XP level 6. HP: 34/59 MP: 5/5
  2336 | D:4      | Reached skill level 8 in Unarmed Combat
  2458 | D:4      | Reached XP level 7. HP: 32/67 MP: 6/6
  2635 | D:4      | Noticed Eustachio
  2652 | D:4      | Killed Eustachio
  2799 | D:4      | Noticed an ogre
  2804 | D:4      | Killed an ogre
  2831 | D:4      | Reached skill level 5 in Fighting
  2857 | D:5      | Entered Level 5 of the Dungeon
  2968 | D:5      | Found a shimmering altar of Xom.
  3024 | D:5      | Noticed Duvessa
  3031 | D:5      | Noticed Dowan
  3039 | D:5      | Killed Duvessa
  3039 | D:5      | Reached XP level 8. HP: 74/83 MP: 7/7
  3043 | D:5      | Killed Dowan
  3826 | D:6      | Reached skill level 9 in Unarmed Combat
  4373 | D:7      | Reached XP level 9. HP: 80/93 MP: 8/8
  4463 | D:7      | Reached skill level 10 in Unarmed Combat
  4679 | D:7      | Found a sand-covered staircase.
  4683 | Ossuary  | Entered an ossuary
  5284 | D:7      | Found a staircase to the Ecumenical Temple.
  5288 | Temple   | Entered the Ecumenical Temple
  5477 | D:7      | Reached skill level 11 in Unarmed Combat
  6054 | D:8      | Found a glowing golden altar of the Shining One.
  6186 | D:8      | Reached skill level 12 in Unarmed Combat
  6188 | D:8      | HP: 1/93 [electric eel/bolt of electricity (8)]
  6195 | D:8      | Killed from afar by an electric eel

Vault maps used:
D:1:      mrwooster_arrival_statue, minmay_misc_feat_doors, due_unseen_surprise
D:2:      kennysheep_six_static_rooms, gammafunk_temple_overflow_pools,
          first_bread
D:4:      overflow_temple_1_default, grunt_ministairs_4, kennysheep_potato,
          uniq_eustachio
D:5:      basic_altar, uniq_duvessa
D:7:      temple_hall_moat, nicolae_ossuary_entry_plus
D:8:      nicolae_overflow_hidden_temple, nicolae_tso_swordbearing_angel,
          kennysheep_boxes
Temple:   circular_temple_12
Ossuary:  ossuary_boxes_badplayer

Action                   |  1- 3 |  4- 6 |  7- 9 || total
-------------------------+-------+-------+-------++-------
Melee: Unarmed           |    93 |   121 |   385 ||   599
  Use: Scroll            |     6 |     4 |     8 ||    18
       Potion            |       |     8 |     9 ||    17
 Stab: Sleeping          |     2 |     4 |    22 ||    28
       Distracted        |       |       |     2 ||     2
  Eat: Chunk             |    11 |    11 |    30 ||    52
       Meat ration       |       |       |     1 ||     1
       Bread ration      |       |       |     1 ||     1
